 Dungeon Crawl Stone Soup version 0.28-a0-1130-gc51a68064b (webtiles) character file.

Game seed: 3673942924676051120

7 yoda5477 the Insei (level 1, -1/15 HPs)
             Began as a Demonspawn Transmuter on Dec 12, 2021.
             Slain by a worm (8 damage)
             ... on level 2 of the Dungeon.
             The game lasted 00:01:59 (251 turns).

yoda5477 the Insei (Demonspawn Transmuter)           Turns: 251, Time: 00:02:00

Health: -1/15      AC:  2    Str: 10    XL:     1   Next: 91%
Magic:  2/3        EV: 12    Int: 14    God:
Gold:   117        SH:  0    Dex: 13    Spells: 3/4 levels left

rFire   . . .      SeeInvis .   c - +0 whip
rCold   . . .      Faith    .   (no shield)
rNeg    . . .      Spirit   .   a - +0 robe
rPois   .          Reflect  .   (helmet currently unavailable)
rElec   .          Harm     .   (no cloak)
rCorr   .          Rampage  .   (no gloves)
Will    .....                   (boots currently unavailable)
Stlth   +.........              (no amulet)
HPRegen 0.05/turn               (no ring)
MPRegen 0.08/turn               (no ring)

@: appendages
A: horns 2, talons 2
a: End Transformation


You were on level 2 of the Dungeon.
You had temporarily grown beastly horns and talons.
You visited 1 branch of the dungeon, and saw 2 of its levels.

You collected 117 gold pieces.

Inventory:

Hand Weapons
 c - a +0 whip (weapon)
 d - a +0 short sword
 e - a +0 dagger
Missiles
 b - 5 stones
 g - 28 bolts
Armour
 a - a +0 robe (worn)
Scrolls
 f - a scroll of fear {unknown}


   Skills:
 * Level 1.4 Fighting
 + Level 1.9 Dodging
 * Level 0.7 Stealth
 - Level 2.6 Unarmed Combat
 - Level 2.0 Spellcasting
 + Level 1.9 Transmutations


You had 3 spell levels left.
You knew the following spells:

 Your Spells              Type           Power      Damage    Failure   Level
a - Beastly Appendage     Tmut           12%        N/A       11%         1

Your spell library contained the following spells:

 Spells                   Type           Power      Damage    Failure   Level
 Wereblood                Tmut           6%         N/A       17%         2
 Spider Form              Tmut/Pois      4%         N/A       43%         3
 Ice Form                 Ice/Tmut       4%         N/A       85%         4


Dungeon Overview and Level Annotations

Branches:
Dungeon (2/15)

Altars:


Innate Abilities, Weirdness & Mutations

You have temporarily grown beastly horns and talons.


Message History

You grow a pair of large bovine horns.
Your feet morph into talons.
You climb downwards.
There is a stone staircase leading up here.
You climb upwards.
Your transformation is almost over.
There is a stone staircase leading down here.
You start resting.
Magic restored.
You start resting.
Your horns disappear.
Your talons disappear.
You start resting.
HP restored.
Things that are here:
a +0 dagger; a goblin corpse
There is a stone staircase leading down here.
You see here a goblin corpse.
Found a stone staircase leading down.
f - a scroll labelled TOICOY VEKLUO A ball python comes into view.
Found 10 sling bullets.
g - 28 bolts
Found 8 gold pieces.
There is a stone staircase leading down here.
Casting: Beastly Appendage (safe; 11% risk of failure)
Confirm with . or Enter, or press ? or * to list all spells.
You grow a pair of large bovine horns.
Your feet morph into talons.
You climb downwards.
The worm bites you!
Ouch! That really hurt!
Found 16 gold pieces and a helmet.
Found an escape hatch in the floor.
There is a stone staircase leading up, spattered with blood here.
You completely miss the worm.
You headbutt the worm, but do no damage.
You hit the worm.
The worm is lightly wounded.
The worm misses you.
You hit the worm but do no damage.
The worm is lightly wounded.
The worm bites you!
Ouch! That really hurt!
You die...

#######.#
#.#
#<.......
#.#
#######.#
#.# #.#
#.# # #.#
# #$#.#.#
#.w@..#
#.....#
..>.[..##
...###...#
.. #.... .
#.....
#.....
#......


You could see a worm.

Vanquished Creatures
  A dart slug (D:1)
  2 goblins (D:1)
  A kobold (D:1)
  A frilled lizard (D:1)
5 creatures vanquished.

Vanquished Creatures (others)
  2 fungi (D:1)
  4 toadstools (D:1)
6 creatures vanquished.

Grand Total: 11 creatures vanquished

Notes
Turn   | Place    | Note
-------+----------+-------------------------------------------
     0 | D:1      | yoda5477 the Demonspawn Transmuter began the quest for the
                  | Orb.
     0 | D:1      | Reached XP level 1. HP: 15/15 MP: 3/3
   251 | D:2      | Slain by a worm

Illustrated notes

Levels and vault maps discovered:
D:1:      lightli_iron_boxes, layout_rooms,
          dreamdust_ecumenical_altar_sealed_demon, minmay_gold_behind_fungi,
          glass_columns_a, minmay_liquid_box
D:2:      layout_basic, uniq_crazy_yiuf_cottage

Action                   || total
-------------------------++-------
Melee: Whip              ||    10
       Unarmed           ||     6
       Kick              ||     5
       Headbutt          ||     3
 Cast: Beastly Appendage ||     5
 Stab: Sleeping          ||     1
Armor: Robe              ||     3
Dodge: Dodged            ||     4

Table legend: (Time is in decaauts)
 A = Elapsed time spent in this place.
 B = Non-inter-level travel time spent in this place.
 C = Inter-level travel time spent in this place.
 D = Time resting spent in this place.
 E = Time spent auto-exploring this place.
 F = Levels seen in this place.
 G = Mean time per level.
                   A        B        C        D        E       F      G
               +--------+--------+--------+--------+--------+-----+--------+
         Total |    252 |    252 |      0 |     48 |     78 |   2 |  126.0 |
       Dungeon |    252 |    252 |      0 |     48 |     78 |   2 |  126.0 |
               +--------+--------+--------+--------+--------+-----+--------+

Top non-repeatable levels by time:
     D:1: 244 daAuts
     D:2: 8 daAuts
